 Dungeon Crawl Stone Soup version 0.30.1-11-g7821555f0a (webtiles) character file.

Game seed: 13476488003873234459

405515 monsoonserge the Eclecticist (level 24, -18/194 HPs)
             Began as a Djinni Venom Mage on Nov 20, 2023.
             Was a High Priest of Ashenzari.
             Demolished by a reaper
             ... wielding a +8 scythe
              (20 damage)
             ... in the Vestibule of Hell on Nov 22, 2023.
             The game lasted 07:37:08 (63019 turns).

monsoonserge the Eclecticist (Djinni Venom Mage)   Turns: 63019, Time: 07:37:08

Health: -18/194    AC: 13    Str:  7    XL:     24   Next: 51%
Gold:   5542       EV: 18    Int: 34    God:    Ashenzari [*****.] SH: 29 Dex: 15

rFire   + + .        a - +8 dagger of the Fated Restlessness {flame, Evo, Self} (curse)
rCold   + . .        q - +2 tower shield of Ashenzari's Inaction {AC+3, Self, Fort} (curse)
rNeg    . . .        W - +3 leather armour of Desmomancy {rC+ rF+, Self, Cun} (curse)
rPois   ∞            R - +0 helmet "Comet of the Astral God" {Melee, Cun} (curse)
rElec   .            U - scarf of the Restrained Anxiety {repulsion, Evo, Self} (curse)
rCorr   .            A - +0 pair of gloves of Supernal Knowledge {Cun, Fort} (curse)
SInv    +            (boots unavailable)
Will    ++++.        f - amulet "Tethered Egalitarianism" {Reflect SH+5, Melee, Self} (curse)
Stlth   +++++        N - ring of Emmig {Contam Will+ Int+8}
HPRegen 0.52/turn    K - ring of the Fated Affliction {Ice, Melee, Fort} (curse)
MPRegen 0.00/turn

%: repel missiles, reflection, clarity, infuse magic (-19 HP)
@: flying
A: sickness immunity, fire resistance 2, cold vulnerability 1, float, innate
caster, HP casting, extra vitality 1, clumsy 1, strong-willed 1
}: 2/15 runes: serpentine, barnacled
a: Renounce Religion, Shatter the Chains


You were in the Vestibule of Hell.
You worshipped Ashenzari.
Ashenzari was extremely pleased with you.
You visited 11 branches of the dungeon, and saw 43 of its levels.
You also visited: Trove and Ice Cave.

You collected 6980 gold pieces.
You spent 1438 gold pieces at shops.

Inventory:

Hand Weapons
 a - the cursed +8 dagger of the Fated Restlessness (weapon) {flame, Evo, Self}
   (You subdued it on level 2 of the Elven Halls)

   It has a curse which improves the following skills: Evocations: Evocations.
   Introspection: Fighting and Spellcasting.
Missiles
 w - 15 curare-tipped darts
 x - 17 silver javelins (quivered)
 D - 14 atropa-tipped darts
 J - 3 throwing nets
 L - 5 boomerangs of dispersal
Armour
 q - the cursed +2 tower shield of Ashenzari's Inaction (worn) {AC+3, Self, Fort}
   (You took it off a naga warrior on level 4 of the Snake Pit)

   It has a curse which improves the following skills: Introspection: Fighting
   and Spellcasting.
   Fortitude: Armour and Shields.
 A - the cursed +0 pair of gloves of Supernal Knowledge (worn) {Cun, Fort}
   (You found it on level 6 of the Dungeon)

   It has a curse which improves the following skills: Cunning: Dodging and
   Stealth.
   Fortitude: Armour and Shields.
 R - the cursed +0 helmet "Comet of the Astral God" (worn) {Melee, Cun}
   (You found it on level 14 of the Dungeon)

   It has a curse which improves the following skills: Melee Combat: Short
   Blades, Long Blades, Axes, Maces & Flails, Polearms, Staves and Unarmed
   Combat.
   Cunning:   Dodging and Stealth.
 U - the cursed scarf of the Restrained Anxiety (worn) {repulsion, Evo, Self}
   (You found it on level 2 of the Lair of Beasts)

   It has a curse which improves the following skills: Evocations: Evocations.
   Introspection: Fighting and Spellcasting.
 W - the cursed +3 leather armour of Desmomancy (worn) {rC+ rF+, Self, Cun}
   (You found it in an ice cave)

   It has a curse which improves the following skills: Introspection: Fighting
   and Spellcasting.
   Cunning:   Dodging and Stealth.
Jewellery
 f - the cursed amulet "Tethered Egalitarianism" (around neck) {Reflect SH+5, Melee, Self}
   (You bought it in a shop on level 2 of the Orcish Mines)

   [amulet of reflection]

   It reflects blocked missile attacks.
   SH:        It affects your SH (+5).
   It has a curse which improves the following skills: Melee Combat: Short
   Blades, Long Blades, Axes, Maces & Flails, Polearms, Staves and Unarmed
   Combat.
   Introspection: Fighting and Spellcasting.
 K - the cursed ring of the Fated Affliction (right hand) {Ice, Melee, Fort}
   (You found it on level 9 of the Dungeon)

   [ring of ice]

   It enhances your ice magic.
   rF:        It makes you vulnerable to fire.
   rC:        It protects you from cold.
   It has a curse which improves the following skills: Melee Combat: Short
   Blades, Long Blades, Axes, Maces & Flails, Polearms, Staves and Unarmed
   Combat.
   Fortitude: Armour and Shields.
 N - the ring of Emmig (left hand) {Contam Will+ Int+8}
   (You took it off an ironbound preserver on level 1 of the Vaults)

   [ring of willpower]

   Int:       It affects your intelligence (+8).
   Contam:    It causes magical contamination when unequipped.
   Will:      It increases your willpower.
 X - the ring of Qiof Keaha {Will+ Str+6}
   (You found it on level 3 of the Shoals)

   [ring of strength]

   Str:       It affects your strength (+6).
   Will:      It increases your willpower.
Wands
 b - a wand of digging (29)
 s - a wand of flame (137)
 v - a wand of light (58)
 O - a wand of roots (48)
 P - a wand of mindburst (26)
 S - a wand of paralysis (47)
 T - a wand of polymorph (3)
Scrolls
 d - 4 scrolls of immolation
 e - 10 scrolls of fog
 g - 3 scrolls of poison
 i - 2 scrolls of summoning
 j - 16 scrolls of magic mapping
 p - 3 scrolls of blinking
 r - 20 scrolls of teleportation
 y - 4 scrolls of enchant weapon
 z - 12 scrolls of enchant armour
 B - 7 scrolls of fear
 C - a scroll of silence
 I - 5 scrolls of torment
 Q - 3 scrolls of brand weapon
Potions
 c - a potion of invisibility
 h - 7 potions of heal wounds
 k - 18 potions of curing
 l - 7 potions of lignification
 m - 3 potions of resistance
 t - 3 potions of haste
 u - 8 potions of brilliance
 E - 2 potions of cancellation
 F - 6 potions of might
 G - 4 potions of ambrosia
 H - 3 potions of berserk rage
 M - 9 potions of mutation
Miscellaneous
 o - a tin of tremorstones (2/2)
 V - a phial of floods
 Y - a box of beasts
 Z - a phantom mirror


   Skills:
 * Level 16.9(22.6) Fighting
 - Level 7.5(11.7) Short Blades
 + Level 0.3 Ranged Weapons
 + Level 3.0 Throwing
 + Level 7.5(11.7) Armour
 + Level 12.6(16.8) Dodging
 + Level 10.1(14.3) Stealth
 + Level 16.5(20.5) Shields
 - Level 7.8(12.0) Unarmed Combat
 + Level 20.7(26.2) Spellcasting
 + Level 13.7(16.8) Evocations


You knew the following spells:

 Your Spells              Type           Power      Damage    Failure   Level
a - Sting                 Tmut/Pois      100%       1d8       0%          1
b - Poisonous Vapours     Pois/Air       100%       N/A       0%          2
c - Mephitic Cloud        Conj/Pois/Air  100%       N/A       0%          3
d - Olgreb's Toxic Radia  Pois           100%       N/A       0%          4
e - Shock                 Conj/Air       100%       1d9       0%          1
f - Lesser Beckoning      Tloc           100%       N/A       0%          2
g - Frozen Ramparts       Ice            100%       1d16      0%          3
h - Anguish               Hex/Necr       61%        N/A       0%          4
i - Summon Ice Beast      Ice/Summ       100%       N/A       0%          4
j - Irradiate             Conj/Tmut      61%        3d32      0%          5
k - Eringya's Noxious Bo  Tmut/Pois      61%        N/A       0%          6
l - Spellforged Servitor  Conj/Summ      61%        N/A       1%          7
m - Summon Cactus Giant   Summ           61%        N/A       0%          6
n - Storm Form            Tmut/Air       61%        N/A       1%          7
o - Haunt                 Necr/Summ      61%        N/A       1%          7
Your spell library was empty.

Dungeon Overview and Level Annotations

Branches:
Dungeon (15/15)            Temple (1/1) D:5            Lair (5/5) D:8
 Shoals (4/4) Lair:2        Snake (4/4) Lair:2        Slime (0/5) Lair:5
    Orc (2/2) D:12            Elf (3/3) Orc:2        Vaults (3/5) D:13
  Crypt (1/3) Vaults:2     Depths (4/4) D:15           Hell (1/1)
    Zot (0/5) Depths:4      IceCv (visited)
    Dis: Hell:1         Geh: Hell:1         Coc: Hell:1         Tar: Hell:1

Altars:
Ashenzari
Cheibriados
Dithmenos
Elyvilon
Fedhas
Gozag
Hepliaklqana
Makhleb
Nemelex Xobeh
Okawaru
Qazlal
Ru
Trog
Uskayaw
Wu Jian
Xom
Yredelemnul
Zin
The Shining One
Jiyva
Lugonu

Shops:
D:6 ?   D:12 ?   D:14 (   D:15 (   Orc:1 :![(   Orc:2 =*[(   Elf:2 (   Elf:3 ?
Snake:1 :=:

Portals:
Hell: Depths:1 Depths:2 Depths:3 Depths:4
Abyss: Lair:5 Depths:3
Pandemonium: Depths:1 Depths:2
Ziggurat: Depths:3

Annotations:
Vaults:3 Nikola
Hell Geryon


Innate Abilities, Weirdness & Mutations

You are immune to sickness and miasma.
You are immune to poison.
Your flesh is very heat resistant. (rF++)
You are vulnerable to cold. (rC-)
You float through the air rather than walking.
You learn spells naturally, not from books.
Your magical power is your life essence.
You have superior vitality. (+4 MHP)
You are clumsy. (Dex -2)
You are strong-willed. (Will+)


Message History

You block the harpy simulacrum's attack.
The harpy simulacrum completely misses you.
The sun demon hits you!
You are engulfed in flames.
You resist.
The shard shrike simulacrum closely misses you.
The reaper misses you.
The harpy simulacrum completely misses you.
The harpy simulacrum claws you. The harpy simulacrum freezes you. You resist.
There is a gateway back to the Dungeon here.
You block the shard shrike simulacrum's attack.
The harpy simulacrum barely misses you.
You block the harpy simulacrum's attack.
You block the shard shrike simulacrum's attack.
You block the sun demon's attack. The harpy simulacrum barely misses you.
The harpy simulacrum misses you.
Geryon tail-slaps you but does no damage.
The reaper hits you from afar with a +8 scythe!!
* * * LOW HITPOINT WARNING * * *
The wendigo fires a burst of electricity at you.
The stunning burst hits the sun demon!
The sun demon resists.
The stunning burst hits you.
You suddenly lose the ability to move!
You stop ascending the stairs.
* * * LOW HITPOINT WARNING * * *
The shard shrike simulacrum claws you but does no damage.
The sun demon hits you!
* * * LOW HITPOINT WARNING * * *
You are engulfed in flames.
You resist.
* * * LOW HITPOINT WARNING * * *
You can move again.
You block the shard shrike simulacrum's attack.
The harpy simulacrum closely misses you.
You block the harpy simulacrum's attack.
The shard shrike simulacrum claws you!
* * * LOW HITPOINT WARNING * * *
The shard shrike simulacrum freezes you!!
You resist.
* * * LOW HITPOINT WARNING * * *
The harpy simulacrum closely misses you.
The harpy simulacrum claws you but does no damage.
The reaper hits you from afar with a +8 scythe!!
You die...

, , ...........,.......
, , * ,
...........,....... , *
,, ...........#....... *
,,..........#.#......, ,
~,,.........#.∩.# . ,,
**~~ .....R....#.#......
,,,
*~~~≈.....2#Z..#...#...,
,,, ~~
......#3#2....#.#,. , *
∩ ,,, #Z@.#.&.#.∩.#,
*~~.....2#Z#.....#.#.. ,
* ≈......#&..#...#... ,
* ~ ....{4. ..#.#......
, * ~ ,.......
.#.∩.#..... , ,
..........#.#..... , *
,,, .......,..,#..... ,
* , ,...... ... .. , , ,
* ,,, , ,,,,, , ,,, ,


You could see Geryon, a wendigo, a reaper, a balrug, a blizzard demon, a sun
demon, an ice devil, an iron dragon simulacrum, a harpy simulacrum and a shard
shrike simulacrum.

Vanquished Creatures
  Saint Roka (Elf:2)
  Bai Suzhen (Depths:2)
  A golden dragon (Depths:2)
  A walking crystal tome (Depths:1)
  A deep elf master archer (Elf:3)
  5 krakens
  A revenant (Vaults:2)
  A tengu reaver (Depths:2)
  3 storm dragons
  Donald (Crypt:1)
  8 nagarajas
  An emperor scorpion (D:15)
  A rockslime (IceCv)
  3 azure jellies (IceCv)
  Ilsuiw (Shoals:4)
  A shadow dragon (Depths:3)
  An iron dragon (Elf:1)
  A deep elf sorcerer (Elf:3)
  4 fire giants
  2 balrugs
  5 frost giants
  A spectral juggernaut (Depths:4)
  5 orc warlords
  3 spectral caustic shrikes (Depths:3)
  A ghoul (Vaults:2)
  3 vault wardens
  3 deep elf elementalists (Elf:3)
  2 draconian shifters (Depths:3)
  A curse skull (Vaults:2)
  A juggernaut zombie (Depths:2)
  A spriggan defender (Depths:2)
  3 quicksilver oozes (IceCv)
  12 stone giants
  A war gargoyle (Vaults:3)
  4 ironbound thunderhulks
  5 deep elf demonologists
  8 ironbound preservers
  16 very ugly things
  A red draconian (Depths:4)
  A white draconian (Depths:3)
  Nessos (Lair:5)
  5 deep elf annihilators (Elf:3)
  4 vampire knights
  The ghost of Tang the Thaumaturge, a journeyman DsFE of Gozag (Lair:5)
  A purple draconian (Depths:4)
  13 dire elephants
  Snorg (D:13)
  14 merfolk impalers
  3 deep elf death magi
  3 spark wasps
  2 crystal guardians
  4 ettins
  An entropy weaver (Vaults:1)
  5 merfolk javelineers
  4 deep elf high priests
  3 jiangshi (Depths:2)
  2 spectral krakens (Shoals:2)
  5 fire dragons
  3 great orbs of eyes
  A rakshasa (Depths:1)
  5 yaktaur captains
  6 ice dragons
  2 peacekeepers
  A vault guard (Vaults:2)
  7 spriggan air magi
  A salamander tyrant (Snake:3)
  2 hydras (Lair:5)
  16 centaur warriors
  3 ghost crabs (Shoals:2)
  An ironbound frostheart (Vaults:1)
  An anaconda (shapeshifter) (Depths:4)
  A hell beast (Depths:2)
  6 anacondas
  2 boulder beetles
  11 naga warriors
  A satyr (Shoals:3)
  2 merfolk aquamancers (Shoals:4)
  A merfolk avatar (Shoals:2)
  3 vampire magi (Depths:2)
  An alligator snapping turtle (Shoals:4)
  24 dancing weapons
  A death knight (Vaults:2)
  11 death yaks
  2 thrashing horrors (Lair:5)
  4 tengu warriors
  A deep troll earth mage (Depths:2)
  5 spriggan berserkers
  3 orc high priests (Orc:2)
  8 naga sharpshooters
  5 spriggans
  A storm dragon zombie (Trove)
  20 deep elf knights
  A shock serpent (Snake:4)
  Sonja (Orc:2)
  4 sun demons
  An iron troll (Depths:1)
  3 skysharks
  9 skeletal warriors
  7 sea snakes
  2 salamander mystics (Snake:4)
  The ghost of senjinn the Insei, a novice OpTm of Gozag (D:7)
  3 flayed ghosts
  24 deep trolls
  3 glowing orange brains
  4 naga ritualists
  8 lindwurms
  6 wizards
  Pikel (D:4)
  A golden dragon skeleton (Depths:2)
  4 phantasmal warriors
  24 harpies
  12 deep elf archers
  14 orc knights
  5 ironbound convokers
  A mana viper (Snake:3)
  32 deep elf pyromancers
  3 necromancers
  An orange crystal statue (IceCv)
  A frost giant zombie (Depths:2)
  25 ugly things
  20 deep elf zephyrmancers
  An oklob plant (Shoals:1)
  8 fauns
  10 orc sorcerers
  9 salamanders
  3 cyclopes
  14 manticores
  18 black mambas
  7 merfolk sirens
  A gargoyle (D:11)
  A torpor snail (Lair:5)
  9 naga magi
  6 smoke demons
  An apocalypse crab (Shoals:3)
  3 water nymphs
  3 guardian serpents
  9 vault sentinels
  3 centaur skeletons (D:13)
  3 cane toads
  A spectral sea snake (Shoals:2)
  14 yaktaurs
  2 rime drakes
  2 freezing wraiths
  An efreet (D:15)
  2 tengu conjurers (Depths:1)
  3 spectral merfolk (Shoals:2)
  3 komodo dragons
  29 merfolk
  A spectral harpy (Shoals:2)
  A hellwing (Depths:2)
  2 meliai (D:15)
  6 hornets
  7 trolls
  2 polar bears
  16 blink frogs
  4 wind drakes
  A spectral manticore (Shoals:2)
  7 snapping turtles
  14 dream sheep
  2 air elementals
  37 slime creatures
  Sigmund (D:4)
  A spectral wind drake (Shoals:2)
  2 dire elephant simulacra
  A shadow (D:12)
  44 yaks
  A centaur simulacrum (D:12)
  14 water elementals
  2 wyverns
  3 wraiths
  A human (Lair:3)
  3 ynoxinuls
  11 basilisks
  3 fire bats (D:9)
  6 fire elementals
  Menkaure (D:6)
  3 chaos spawn
  2 vampire mosquitoes (D:11)
  3 minotaur simulacra (Elf:2)
  A death yak simulacrum (Lair:1)
  6 wargs
  A harpy simulacrum (Lair:1)
  23 nagas
  A spectral snapping turtle (Shoals:2)
  A hell hound (D:9)
  A cane toad zombie (Crypt:1)
  A floating eye (Depths:3)
  11 water moccasins
  50 orc warriors
  4 great orb of eyes simulacra (IceCv)
  3 sky beasts
  An alligator simulacrum (Elf:2)
  3 black bears
  10 ogres
  A boggart (D:13)
  27 centaurs
  5 slime creature simulacra (IceCv)
  A spectral cyclops (Shoals:2)
  A lemure (D:4)
  2 phantoms (D:12)
  4 kobold brigands
  2 gnoll sergeants
  8 bullfrogs
  2 glowing shapeshifter simulacra (IceCv)
  A necrophage (Crypt:1)
  2 deep troll simulacra (Elf:2)
  4 scorpions
  8 wights
  A cane toad simulacrum (Lair:1)
  2 troll zombies (D:12)
  A lindwurm simulacrum (Elf:2)
  5 small abominations (Lair:5)
  6 killer bees (D:9)
  A howler monkey (D:10)
  A nameless horror (D:8)
  2 lava snakes (D:9)
  2 jellies
  20 orc priests
  6 hounds
  2 sleepcaps
  A gnoll bouda (D:8)
  An iguana (D:7)
  39 orc wizards
  A boggart skeleton (D:13)
  A troll simulacrum (Lair:1)
  A polar bear simulacrum (Lair:1)
  A wolf simulacrum (Lair:1)
  4 ogre zombies (D:12)
  11 gnolls
  7 adders
  2 naga simulacra (Lair:1)
  11 river rats (D:5)
  2 shadow imps
  A white imp (D:4)
  2 worms
  A dart slug (D:2)
  110 orcs
  4 bats
  3 endoplasms
  2 giant cockroaches
  12 goblins
  7 hobgoblins
  12 quokkas
  10 ball pythons
  3 frilled lizards
  2 goblin skeletons (D:12)
  2 goblin zombies (D:12)
  A hobgoblin zombie (D:12)
  10 kobolds
  3 orc skeletons (D:12)
  15 orc zombies (D:12)
  25 rats
  2 fire vortices (D:9)
  13 tentacles
1495 creatures vanquished.

Vanquished Creatures (collateral kills)
  A caustic shrike (Depths:3)
  2 bone dragons
  Rupert (D:13)
  2 tentacled monstrosities
  2 deep elf blademasters (Elf:3)
  A lich (Depths:3)
  A kraken (Shoals:4)
  Murray (Depths:3)
  2 shadow dragons (Depths:3)
  A vault warden (Vaults:2)
  3 deep elf sorcerers (Elf:3)
  Aizul (Elf:1)
  A frost giant (Depths:4)
  2 very ugly things (Depths:3)
  A spriggan defender (Depths:3)
  An orc warlord (Vaults:1)
  An ironbound preserver (Vaults:1)
  An ironbound thunderhulk (Vaults:2)
  A vampire knight (Depths:1)
  2 deep elf demonologists (Elf:3)
  A deep elf annihilator (Elf:3)
  2 merfolk javelineers
  A fire dragon (Depths:4)
  3 deep elf death magi (Elf:3)
  A rakshasa (D:12)
  A deep elf high priest (Elf:3)
  A vault guard (Vaults:2)
  2 anacondas (Snake:4)
  3 centaur warriors
  Erica (D:11)
  An ice dragon (Depths:4)
  A boulder beetle (D:11)
  3 two-headed ogres
  A merfolk avatar (Shoals:2)
  3 naga warriors
  A naga sharpshooter (Snake:4)
  A spriggan berserker (Depths:3)
  A thrashing horror (Lair:5)
  An orc high priest (Orc:2)
  A sun demon (Shoals:3)
  A deep elf knight (Elf:2)
  A glowing orange brain (Depths:4)
  3 deep trolls (Vaults:1)
  2 naga ritualists
  A sea snake (Shoals:4)
  4 deep elf zephyrmancers
  2 harpies (Shoals:4)
  A wizard (Vaults:2)
  An orc knight (Vaults:1)
  A mana viper (Snake:3)
  11 ugly things
  3 manticores
  An orc sorcerer (Orc:1)
  An oklob plant (Shoals:1)
  A sphinx skeleton (Depths:2)
  Joseph (D:8)
  2 merfolk sirens
  2 guardian serpents (Snake:4)
  4 naga magi
  3 water nymphs
  3 smoke demons (Lair:5)
  An ice statue (Lair:1)
  8 black mambas
  A vault sentinel (Vaults:1)
  6 cane toads
  A kobold demonologist (D:10)
  4 komodo dragons
  An ice devil (Lair:1)
  3 yaktaurs
  2 ancient zymes (Lair:5)
  A meliai (D:15)
  4 merfolk
  A polar bear (Lair:1)
  2 hornets
  6 blink frogs
  2 wind drakes
  4 dream sheep
  2 snapping turtles (Shoals:4)
  A slime creature (Vaults:2)
  2 spriggans
  A wyvern (Lair:5)
  7 yaks
  A basilisk (Lair:5)
  A fire bat (D:9)
  A warg (Orc:2)
  A vampire mosquito (D:11)
  A naga (Snake:2)
  An acid dragon (D:10)
  2 water moccasins
  4 orc warriors (Orc:1)
  4 small abominations (Lair:5)
  An ogre (Orc:1)
  A wolf (Lair:1)
  2 centaurs
  3 kobold brigands
  A two-headed ogre simulacrum (Lair:1)
  A jelly (D:8)
  3 orc priests (Orc:2)
  2 orc wizards (D:9)
  2 ogre zombies (D:12)
  An orc (Orc:1)
  A goblin skeleton (D:12)
  A hobgoblin zombie (D:12)
  2 tentacles (Shoals:4)
204 creatures vanquished.

Vanquished Creatures (others)
  Vashnia (Snake:4)
  A merfolk javelineer (Shoals:4)
  An anaconda (Snake:4)
  A centaur warrior (D:15)
  A naga warrior (Snake:2)
  A deep troll shaman (Depths:2)
  A shock serpent (Snake:4)
  A skeletal warrior (D:12)
  A deep troll (Depths:2)
  A deep elf archer (Elf:3)
  A cyclops (D:13)
  A salamander (Snake:4)
  A merfolk siren (Shoals:4)
  A black mamba (Snake:4)
  A guardian serpent (Snake:4)
  A naga mage (Snake:2)
  A merfolk (Shoals:4)
  A snapping turtle (Shoals:4)
  A water elemental (Elf:1)
  A quokka (D:13)
  A fire vortex (D:9)
  76 tentacles
97 creatures vanquished.

Grand Total: 1796 creatures vanquished

Notes
Turn   | Place    | Note
-------+----------+-------------------------------------------
     0 | D:1      | monsoonserge the Djinni Venom Mage began the quest for the
                  | Orb.
     0 | D:1      | monsoonserge set off with the following spells memorised:
                  | Sting, Poisonous Vapours, Mephitic Cloud, Olgreb's Toxic
                  | Radiance.
     0 | D:1      | Reached XP level 1. HP: 15/15 MP: 0/0
    81 | D:1      | Reached XP level 2. HP: 21/21 MP: 0/0
   250 | D:1      | Reached skill level 3 in Spellcasting
   499 | D:1      | Reached XP level 3. HP: 24/25 MP: 0/0
   499 | D:1      | Learned a level 1 spell: Shock
   927 | D:2      | Reached XP level 4. HP: 27/31 MP: 0/0
  1256 | D:3      | Found a stormy altar of Qazlal.
  1256 | D:3      | Noticed a sky beast
  1265 | D:3      | Identified the +0 ring mail "Qusatoss" {rF+ rN+}
  1291 | D:3      | Killed a sky beast
  1292 | D:3      | Reached skill level 4 in Spellcasting
  1292 | D:3      | Reached XP level 5. HP: 14/35 MP: 0/0
  1292 | D:3      | Learned a level 2 spell: Lesser Beckoning
  1465 | D:3      | Reached XP level 6. HP: 38/40 MP: 0/0
  2016 | D:4      | Found a blossoming altar of Fedhas.
  2220 | D:4      | Noticed Sigmund
  2230 | D:4      | Killed Sigmund
  2231 | D:4      | Reached skill level 1 in Armour
  2231 | D:4      | Reached skill level 5 in Spellcasting
  2231 | D:4      | Reached XP level 7. HP: 35/46 MP: 0/0
  2231 | D:4      | Learned a level 3 spell: Frozen Ramparts
  2541 | D:4      | Noticed Pikel
  2553 | D:4      | Killed Pikel
  2554 | D:4      | Reached skill level 6 in Spellcasting
  2554 | D:4      | Reached XP level 8. HP: 36/51 MP: 0/0
  2772 | D:5      | Entered Level 5 of the Dungeon
  2958 | D:5      | Found a staircase to the Ecumenical Temple.
  2974 | Temple   | Entered the Ecumenical Temple
  3132 | Temple   | Became a worshipper of Ashenzari the Shackled
  3180 | D:5      | Reached skill level 1 in Fighting
  3533 | D:5      | Reached skill level 7 in Spellcasting
  3966 | D:6      | Reached skill level 1 in Short Blades
  3966 | D:6      | Reached XP level 9. HP: 50/57 MP: 0/0
  3966 | D:6      | Learned a level 4 spell: Anguish
  3968 | D:6      | Noticed Menkaure
  3976 | D:6      | Killed Menkaure
  4012 | D:6      | Found The Oracle's Delphic Readings.
  4019 | D:6      | Bought 2 scrolls of teleportation for 78 gold pieces
  4320 | D:6      | Reached skill level 8 in Spellcasting
  4608 | D:7      | Found an ornate altar of the Wu Jian Council.
  4610 | D:7      | Found a snail-covered altar of Cheibriados.
  4610 | D:7      | Found a glowing golden altar of the Shining One.
  4612 | D:7      | Found a white marble altar of Elyvilon.
  4612 | D:7      | Found a burning altar of Makhleb.
  4878 | D:7      | Reached * piety under Ashenzari
  5113 | D:7      | Reached XP level 10. HP: 60/64 MP: 0/0
  5129 | D:7      | Found a runed translucent gate.
  5129 | D:7      | Found a runed translucent gate.
  5129 | D:7      | Found a runed translucent gate.
  5129 | D:7      | Noticed senjinn's ghost (novice OpTm)
  5171 | D:7      | Reached skill level 9 in Spellcasting
  5213 | D:7      | Reached ** piety under Ashenzari
  5962 | D:8      | Noticed a death yak
  5968 | D:8      | Noticed a death yak
  5969 | D:8      | Noticed a death yak
  6015 | D:8      | Reached skill level 10 in Spellcasting
  6054 | D:8      | Reached *** piety under Ashenzari
  6148 | D:8      | Found a staircase to the Lair.
  6167 | D:8      | Killed a death yak
  6170 | D:8      | Killed a death yak
  6170 | D:8      | Killed a death yak
  6171 | D:8      | Reached XP level 11. HP: 59/76 MP: 0/0
  6171 | D:8      | Learned a level 4 spell: Summon Ice Beast
  6361 | D:8      | Noticed a centaur warrior
  6514 | D:8      | Noticed Joseph
  6520 | D:8      | Killed a centaur warrior
  6521 | D:8      | Reached skill level 1 in Shields
  6521 | D:8      | Reached skill level 11 in Spellcasting
  6531 | D:8      | Killed Joseph
  6532 | D:8      | Reached skill level 5 in Armour
  6757 | D:9      | Noticed a two-headed ogre
  6770 | D:9      | Killed a two-headed ogre
  7024 | D:9      | Found a hazy altar of Hepliaklqana.
  7034 | D:9      | Noticed a two-headed ogre
  7055 | D:9      | Killed a two-headed ogre
  7174 | D:9      | Reached skill level 5 in Fighting
  7231 | D:9      | Reached XP level 12. HP: 81/85 MP: 0/0
  7311 | D:9      | Reached **** piety under Ashenzari
  7678 | D:10     | Entered Level 10 of the Dungeon
  7709 | D:10     | Reached skill level 12 in Spellcasting
  7798 | D:10     | Noticed a two-headed ogre
  7809 | D:10     | Killed a two-headed ogre
  7929 | D:10     | Reached ***** piety under Ashenzari
  8329 | D:11     | Noticed Erica
  8339 | D:11     | Killed Erica
  8391 | D:11     | Noticed a centaur warrior
  8399 | D:11     | Killed a centaur warrior
  8843 | D:11     | Noticed a boulder beetle
  8862 | D:11     | Killed a boulder beetle
  9085 | Lair:1   | Entered Level 1 of the Lair of Beasts
  9531 | Lair:1   | Reached skill level 13 in Spellcasting
  9765 | Lair:1   | Noticed a death yak
  9766 | Lair:1   | Noticed a death yak
  9767 | Lair:1   | Noticed a death yak
  9768 | Lair:1   | Noticed a death yak
  9771 | Lair:1   | Noticed a death yak
  9777 | Lair:1   | Killed a death yak
  9778 | Lair:1   | Killed a death yak
  9779 | Lair:1   | Reached XP level 13. HP: 87/97 MP: 0/0
  9779 | Lair:1   | Learned a level 5 spell: Irradiate
 10731 | Lair:2   | Found a staircase to the Snake Pit.
 10752 | Lair:2   | Reached skill level 5 in Dodging
 10964 | Lair:2   | Reached skill level 14 in Spellcasting
 11067 | Lair:2   | Found a staircase to the Shoals.
 11689 | Lair:3   | Reached skill level 5 in Shields
 12126 | Lair:3   | Reached XP level 14. HP: 107/110 MP: 0/0
 12200 | Lair:3   | Found a runed translucent door.
 12315 | Lair:3   | Identified the +4 flail "Goblin's Funeral" {drain, Stlth+}
 12563 | Lair:4   | Reached skill level 1 in Evocations
 13417 | Lair:5   | Entered Level 5 of the Lair of Beasts
 13417 | Lair:5   | Noticed Nessos
 13423 | Lair:5   | Killed Nessos
 13585 | Lair:5   | Reached skill level 15 in Spellcasting
 13698 | Lair:5   | Found a runed translucent door.
 13698 | Lair:5   | Noticed Tang's ghost (journeyman DsFE)
 13960 | Lair:5   | Found a staircase to the Slime Pits.
 13993 | Lair:5   | Found a viscous altar of Jiyva.
 14266 | D:7      | Killed senjinn's ghost
 14412 | D:12     | Found Diwigg's Magic Scroll Boutique.
 15058 | D:12     | Found a staircase to the Orcish Mines.
 15513 | Orc:1    | Entered Level 1 of the Orcish Mines
 15524 | Orc:1    | Noticed an orc warlord
 15589 | D:12     | Killed an orc warlord
 15665 | Orc:1    | Reached XP level 15. HP: 111/118 MP: 0/0
 15665 | Orc:1    | Learned a level 6 spell: Eringya's Noxious Bog
 15703 | Orc:1    | Found Susyzir's Antique Armour Shoppe.
 15803 | Orc:1    | Found Luts's Antique Weapon Shoppe.
 15812 | Orc:1    | Found Ihaiffoi's Distillery.
 15829 | Orc:1    | Bought a potion of heal wounds for 90 gold pieces
 15982 | Orc:1    | Found Vary Jyt's Book Boutique.
 16139 | Orc:1    | Reached skill level 16 in Spellcasting
 16209 | Orc:1    | Found the +9 scales of the Dragon King {rPois rF+ rC+
                  | Will+}
 16352 | Orc:1    | Noticed an orc warlord
 16402 | Orc:1    | Identified the +8 chain mail of the Comet {Int+3}
 16479 | Orc:1    | Killed an orc warlord
 16564 | Orc:1    | Noticed an orc warlord
 16581 | Orc:1    | Killed an orc warlord
 16680 | Orc:1    | Reached skill level 10 in Fighting
 16896 | Orc:2    | Entered Level 2 of the Orcish Mines
 17299 | Orc:2    | Found a staircase to the Elven Halls.
 17333 | Orc:2    | Found a burning altar of Makhleb.
 17688 | Orc:2    | Reached skill level 5 in Evocations
 17754 | Orc:2    | Noticed an orc warlord
 17775 | Orc:2    | Killed an orc warlord
 17890 | Orc:2    | Paralysed by an orc sorcerer for 2 turns
 17925 | Orc:2    | Noticed Sonja
 17954 | Orc:2    | Killed Sonja
 18019 | Orc:2    | Found Zieph's Antique Armour Shop.
 18020 | Orc:2    | Found Saexkomo's Antique Weapon Boutique.
 18023 | Orc:2    | Found Zizxutsih's General Store.
 18023 | Orc:2    | Found Bepe's Jewellery Shop.
 18479 | Lair:5   | Reached skill level 5 in Short Blades
 18859 | Lair:5   | Identified the +0 leather armour of the Realm of Zot {rC+
                  | Int+4}
 19129 | Lair:5   | Reached XP level 16. HP: 124/128 MP: 0/0
 19407 | Lair:5   | Found a corrupted altar of Lugonu.
 19429 | Lair:5   | Found a one-way gate to the infinite horrors of the Abyss.
 19689 | Lair:5   | Killed Tang's ghost
 19958 | D:13     | Found a white marble altar of Elyvilon.
 20082 | D:13     | Reached skill level 17 in Spellcasting
 20089 | D:13     | Noticed Rupert
 20096 | D:13     | Noticed Snorg
 20098 | D:13     | HP: 1/129 [Rupert/+1 great mace of draining (7)]
 20102 | D:13     | Killed Rupert
 20653 | D:13     | Identified the staff of conjuration "Jainib" {rCorr}
 20886 | D:13     | Killed Snorg
 21176 | D:13     | Found a gate to the Vaults.
 21395 | D:14     | Found a broken altar of Ashenzari.
 21408 | D:14     | Found a portal to a secret trove of treasure.
 21526 | D:14     | Reached ****** piety under Ashenzari
 22417 | D:15     | Entered Level 15 of the Dungeon
 22444 | D:15     | Found Lillit's Weapon Shoppe.
 22457 | D:15     | Bought 5 curare-tipped darts for 72 gold pieces
 22738 | D:15     | Reached XP level 17. HP: 29/138 MP: 0/0
 22738 | D:15     | Learned a level 7 spell: Spellforged Servitor
 22931 | Elf:1    | Entered Level 1 of the Elven Halls
 23240 | Elf:1    | Reached skill level 10 in Evocations
 23463 | Shoals:1 | Entered Level 1 of the Shoals
 24101 | Shoals:1 | Identified the +3 leather armour "Puogair" {Will- rCorr
                  | Str+7 Dex+4}
 25176 | Shoals:2 | Reached skill level 18 in Spellcasting
 25179 | Shoals:2 | Reached skill level 1 in Throwing
 26326 | Shoals:3 | Noticed a kraken
 26339 | Shoals:3 | Killed a kraken
 26346 | Shoals:3 | Reached XP level 18. HP: 40/147 MP: 0/0
 26503 | Shoals:3 | Noticed a tentacled monstrosity
 26503 | Shoals:3 | Identified the Cyclopedia of Mad Ravings
 26503 | Shoals:3 | Identified the ring of Qiof Keaha {Will+ Str+6}
 26515 | Shoals:3 | Killed a tentacled monstrosity
 26869 | Orc:1    | Bought a potion of heal wounds for 90 gold pieces
 26869 | Orc:1    | Bought a potion of heal wounds for 90 gold pieces
 27068 | Elf:1    | Reached skill level 5 in Stealth
 27623 | Elf:1    | Found a runed translucent gate.
 27623 | Elf:1    | Found a runed translucent gate.
 27623 | Elf:1    | Found a runed translucent gate.
 27623 | Elf:1    | Found a runed translucent gate.
 27623 | Elf:1    | Found a runed translucent gate.
 27695 | Elf:1    | Found a runed translucent gate.
 27956 | Elf:2    | Noticed Saint Roka
 27973 | Elf:2    | Killed Saint Roka
 27998 | Elf:2    | Found a frozen archway.
 28245 | IceCv    | Entered an ice cave
 28424 | IceCv    | Gained mutation: You are weak. (Str -2) [mutagenic glow]
 28999 | IceCv    | Gained mutation: You are clumsy. (Dex -2) [mutagenic glow]
 29095 | IceCv    | Found a viscous altar of Jiyva.
 29134 | IceCv    | Identified the +1 sling "Berolees" {freeze, rPois Str+2
                  | Int+2}
 29364 | Elf:2    | Found Janixt's Antique Weapon Boutique.
 29383 | Elf:2    | Bought a crude short sword for 152 gold pieces
 29383 | Elf:2    | Identified the +6 short sword of Wurghoky {pain, *Rage rC+
                  | Dex+9 Stlth+} (You bought it in a shop on level 2 of the
                  | Elven Halls)
 29448 | Elf:2    | Noticed Aizul
 29463 | Elf:1    | Killed Aizul
 29519 | Elf:1    | Lost mutation: You are weak. (Str -2) [potion of mutation]
 29519 | Elf:1    | Lost mutation: You are clumsy. (Dex -2) [potion of
                  | mutation]
 29519 | Elf:1    | Gained mutation: You are strong-willed. (Will+) [potion of
                  | mutation]
 29645 | Elf:2    | Found a runed translucent gate.
 29645 | Elf:2    | Found a runed translucent gate.
 29645 | Elf:2    | Found a runed translucent gate.
 30003 | Elf:3    | Entered Level 3 of the Elven Halls
 30305 | Elf:3    | Found Hemil's Magic Scroll Shop.
 30326 | Elf:3    | Bought a scroll of fear for 80 gold pieces
 30349 | Elf:3    | Reached XP level 19. HP: 147/148 MP: 0/0
 30349 | Elf:3    | Learned a level 6 spell: Summon Cactus Giant
 30505 | Elf:3    | Noticed a deep elf blademaster
 30507 | Elf:3    | Noticed a deep elf blademaster
 30514 | Elf:3    | Killed a deep elf blademaster
 30516 | Elf:3    | Killed a deep elf blademaster
 30551 | Elf:2    | You are sucked into a shaft and drop 1 floor!
 31220 | Elf:3    | Identified the +1 scale mail "Wyno" {Str+5}
 31227 | Elf:3    | Noticed an Ice Fiend
 31494 | Elf:3    | Identified the ring "Henesep" {rPois rN+ MP+9 Str-5 Dex+3}
 31497 | Elf:3    | Identified the +2 leather armour of Resilience {rElec
                  | Dex+3}
 31504 | Elf:3    | Reached skill level 19 in Spellcasting
 31867 | Elf:2    | Gained mutation: You are clumsy. (Dex -2) [mutagenic glow]
 32650 | Elf:3    | Identified the +5 scale mail "Vafui" {rPois rC+ Regen+}
 32651 | Elf:3    | Identified the +6 hand axe of Pain and Death {heavy, rPois
                  | rF- rC+ Str+3}
 33270 | Elf:3    | Identified the Atlas of Transportation
 33286 | Elf:3    | Identified the Quarto of Remoulded Elsewhere
 33287 | Elf:3    | Identified the staff of conjuration "Silick" {rCorr}
 33289 | Elf:3    | Identified the Handbook of Congealing Energy
 33628 | Orc:2    | Bought a smoking quarterstaff for 342 gold pieces
 33628 | Orc:2    | Identified the +2 quarterstaff of Norpheg {flame, +Blink
                  | rElec Str+5 Dex-2} (You bought it in a shop on level 2 of
                  | the Orcish Mines)
 33718 | Orc:1    | Bought a potion of curing for 54 gold pieces
 34240 | D:15     | Reached XP level 20. HP: 157/157 MP: 0/0
 35063 | D:15     | Found a staircase to the Depths.
 36361 | Shoals:4 | Entered Level 4 of the Shoals
 36488 | Shoals:4 | Noticed Ilsuiw
 36629 | Shoals:4 | Reached skill level 20 in Spellcasting
 37116 | Shoals:4 | Killed Ilsuiw
 37919 | Shoals:4 | Identified the +6 glaive "Kalueqy" {vamp, rC+ rCorr}
 38213 | Shoals:4 | Got a barnacled rune of Zot
 39079 | Shoals:4 | Identified the staff of conjuration "Siecet" {Str+3}
 39174 | Snake:1  | Entered Level 1 of the Snake Pit
 39220 | Snake:1  | Found Funia's Book Boutique.
 39220 | Snake:1  | Found Gobbioriukh's Jewellery Shoppe.
 39221 | Snake:1  | Found Edum Ixt's Book Boutique.
 40770 | Snake:2  | Reached XP level 21. HP: 167/167 MP: 0/0
 40770 | Snake:2  | Learned a level 7 spell: Storm Form
 40871 | Snake:1  | Identified the cursed scarf of the Restrained Anxiety
                  | {repulsion, Evo, Self} (You found it on level 2 of the Lair
                  | of Beasts)
 40871 | Snake:1  | Identified the cursed +0 helmet "Comet of the Astral God"
                  | {Melee, Cun} (You found it on level 14 of the Dungeon)
 40871 | Snake:1  | Identified the cursed +0 pair of gloves of Supernal
                  | Knowledge {Cun, Fort} (You found it on level 6 of the
                  | Dungeon)
 40871 | Snake:1  | Identified the cursed +0 kite shield of Desmomancy {Evo,
                  | Self} (You took it off a gnoll sergeant on level 8 of the
                  | Dungeon)
 40871 | Snake:1  | Identified the cursed +3 leather armour of Desmomancy {rC+
                  | rF+, Self, Cun} (You found it in an ice cave)
 41254 | Snake:2  | Reached skill level 1 in Unarmed Combat
 42520 | Snake:3  | Found a shimmering altar of Xom.
 42935 | Snake:4  | Entered Level 4 of the Snake Pit
 43204 | Snake:4  | Reached skill level 15 in Fighting
 43216 | Snake:4  | Reached skill level 10 in Shields
 44195 | Snake:4  | Noticed Vashnia
 44207 | Snake:4  | Killed Vashnia
 45377 | Snake:4  | Reached skill level 10 in Dodging
 45518 | Snake:4  | Got a serpentine rune of Zot
 46285 | Orc:2    | Bought an amulet of reflection for 390 gold pieces
 46578 | Vaults:1 | Entered Level 1 of the Vaults
 47068 | Vaults:1 | Identified the cursed +8 dagger of the Fated Restlessness
                  | {flame, Evo, Self} (You subdued it on level 2 of the Elven
                  | Halls)
 47495 | Depths:1 | Entered Level 1 of the Depths
 47659 | D:14     | You paid a toll of a +5 demon trident to enter a treasure
                  | trove
 47660 | Trove    | Entered a treasure trove
 47662 | Trove    | Found the +3 salamander hide armour {Flames, rFlCloud rF++
                  | rC--}
 47663 | Trove    | Identified the +3 ring mail "Ziucin Ito" {rElec}
 48084 | Depths:1 | Reached XP level 22. HP: 95/175 MP: 0/0
 48445 | Depths:1 | Found a gateway to Hell.
 48578 | Depths:1 | Reached skill level 5 in Unarmed Combat
 48682 | Depths:1 | Found a one-way gate leading to the halls of Pandemonium.
 50570 | Depths:2 | Noticed Bai Suzhen
 50575 | Depths:2 | Killed Bai Suzhen
 51595 | Depths:2 | Identified the +5 quarterstaff of Accord {flame, Contam
                  | rElec Dex+8}
 52139 | Depths:2 | Noticed a golden dragon
 52141 | Depths:2 | Killed a golden dragon
 52508 | Depths:2 | Identified the cursed +2 tower shield of Ashenzari's
                  | Inaction {AC+3, Self, Fort} (You took it off a naga warrior
                  | on level 4 of the Snake Pit)
 52826 | Depths:3 | Noticed a caustic shrike
 52834 | Depths:3 | Killed a caustic shrike
 53176 | Depths:3 | Reached XP level 23. HP: 183/183 MP: 0/0
 53176 | Depths:3 | Learned a level 7 spell: Haunt
 55191 | Vaults:1 | Identified the ring of Emmig {Contam Will+ Int+8}
 55930 | Vaults:2 | Identified the +4 broad axe of Efegix {drain, rElec Int+2}
 56119 | Vaults:2 | Reached skill level 15 in Shields
 57206 | Vaults:2 | Found a staircase to the Crypt.
 57557 | Crypt:1  | Entered Level 1 of the Crypt
 57557 | Crypt:1  | Noticed Donald
 57565 | Crypt:1  | Killed Donald
 58551 | Vaults:3 | Identified the +0 leather armour of Serendipity {rElec rN+}
 58551 | Vaults:3 | Noticed Nikola
 58806 | Depths:3 | Reached XP level 24. HP: 175/191 MP: 0/0
 59379 | Depths:3 | Found a one-way gateway to a ziggurat.
 59659 | Depths:3 | Found a corrupted altar of Lugonu.
 59796 | Depths:4 | Entered Level 4 of the Depths
 61082 | Depths:4 | Found a gate to the Realm of Zot.
 61216 | Depths:4 | Reached skill level 10 in Stealth
 61512 | Depths:4 | Found a sparkling altar of Nemelex Xobeh.
 62382 | Depths:4 | Found a basalt altar of Yredelemnul.
 62666 | Hell     | Entered the Vestibule of Hell
 62666 | Hell     | Noticed Murray
 62669 | Hell     | Noticed Geryon
 62700 | Depths:3 | Killed Murray
 63018 | Hell     | Paralysed by a wendigo for 1 turns
 63019 | Hell     | HP: 2/194 [shard shrike simulacrum (20)]
 63019 | Hell     | Demolished by a reaper

Illustrated notes

Levels and vault maps discovered:
D:1:      eino_arrival_water_cross, layout_loops_ring
D:2:      layout_rooms
D:3:      layout_basic, nicolae_qazlal_beasts_of_the_sky, grunt_ministairs_3,
          kennysheep_generic_room_6
D:4:      layout_basic, fedhas_ov_isle_minmay, kennysheep_generic_room_15,
          uniq_sigmund, uniq_pikel
D:5:      lemuel_ratsnest, layout_loops_ring,
          minmay_temple_entry_gardened_gates, serial_bayou_lagoon_a
D:6:      layout_loops_ring, minmay_strange_pillars, mrwooster_statue_mirror,
          nicolae_nh_oracle_at_delphi, uniq_menkaure
D:7:      layout_layer_cave, grunt_temple_overflow_open,
          ebering_ghost_rock_garden, corexii_leaking_fountain
D:8:      minmay_distorted_concentric_squares, layout_basic, dpeg_lair_monsters,
          nicolae_titane, uniq_joseph
D:9:      layout_stronghold, mainiacjoe_overflow_paths, chequers_mini_garden,
          minmay_misc_feat_doors, hangedman_incinerator
D:10:     layout_basic
D:11:     layout_long_grid, nrook_mini_backslash, uniq_erica
D:12:     layout_roguey, zombieorc2_lemuel, serial_shops, shop
D:13:     minmay_cut_squares, layout_loops_ring,
          hangedman_vaults_entry_quadrant_bands, drop_trap, elyvilon_altar_4,
          uniq_snorg, uniq_rupert
D:14:     layout_stronghold, nicolae_trove_entry_isolated,
          grunt_decor_arrowhead, cheibrodos_ashenzari_chains
D:15:     hangedman_depths_entry_try_elsewhere_first, layout_loops_ring,
          serial_shops, nicolae_shop_statue_plus, minmay_door_square,
          minmay_misc_feat_columns, nicolae_sextant
Temple:   nicolae_temple_bog_church
Lair:1:   dreamdust_isle_of_ice, layout_cave_pods, minivault_27
Lair:2:   layout_hall_layers, elwin_shoals_entry_rooms,
          minmay_snake_entry_six_corridors
Lair:3:   layout_chaotic_city, pdpol_lair_cabin_in_the_woods,
          serial_bayou_shore_a, grunt_megastairs_3
Lair:4:   layout_concentric_octagons, serial_bayou_shore_b
Lair:5:   hellmonk_lair_end_abyssal_woods, layout_small_grid, slime_entry_1,
          ebering_ghost_reflecting_pool, infiniplex_staircase_pool_2,
          uniq_nessos
Shoals:1: layout_shoals, nicolae_shoals_this_corrosion
Shoals:2: layout_shoals, nicolae_shoals_spectral_cove
Shoals:3: dreamdust_from_the_deep, layout_shoals, nicolae_shoals_sun_and_surf
Shoals:4: shoals_end_hangedman, layout_shoals, shoals_ilsuiw_alternative,
          nicolae_shoals_kraken_party
Snake:1:  layout_layer_cave, minmay_shop_grove
Snake:2:  layout_onion, grunt_megastairs_5
Snake:3:  nicolae_snakescales, layout_onion, basic_altar, drop_trap
Snake:4:  grunt_snake_rune_serpentine_throne, layout_cave_town, uniq_vashnia
Orc:1:    layout_caves, serial_shops, shop, nicolae_shop_window_shopping,
          nicolae_shop_window_shopping, shop, minmay_orc_treasury
Orc:2:    st_orc_congregation, layout_caves, bloody_makhleb, uniq_sonja
Elf:1:    eino_elf_arrival_customs, layout_geoelf_octagon, basic_altar,
          orc_legates
Elf:2:    elven_hall_of_blades_hangedman_original [nicolae_blade_little_rooms],
          layout_gridlike, serial_shops, shop_coins,
          portal_ice_cave_entry_ice_simulacra, uniq_aizul, uniq_saint_roka
Elf:3:    elf_hall, layout_geoelf_diagonals, serial_shops, shop
Vaults:1: ontoclasm_vaults_misaligned, nicolae_vaults_arrows,
          nicolae_vaults_door_testing_chamber, nicolae_vaults_hexular_roomagon,
          ontoclasm_vaults_eye, layout_vaults_chaotic_city
Vaults:2: minmay_crypt_entry_simple_walls, nicolae_vaults_little_squares_4,
          nicolae_vaults_puzzle_piece, nicolae_vaults_closet_pinwheel_1,
          v_misc_28, vaults_dpeg_diagonal, dpeg_vaults_monster_box, v_misc_18,
          nicolae_vaults_diamond_2, layout_vaults_ring
Vaults:3: vaults_room_stairs_pillars, v_misc_3, v_rooms_6, v_misc_14,
          nicolae_vaults_diamond_1, nicolae_vaults_tetromino_T_1,
          nicolae_vaults_trapezoid_4, nicolae_vaults_border_crossing,
          nicolae_vaults_cochlea, nicolae_vaults_diamond_1,
          layout_vaults_omnigrid, serial_shops, shop, uniq_nikola
Crypt:1:  layout_misc_corridors, uniq_donald, uniq_mennas
Depths:1: layout_gridlike, roderic_roman_lattice, pan_entry, lightli_too_deep,
          lemuel_blue_sif_altar
Depths:2: minmay_bad_star, layout_long_grid, hell_entry, rand_demon_pan_entry_1,
          fake_guardian_serpent_vault, minmay_staircase_bubble, uniq_bai_suzhen
Depths:3: hangedman_cross_stitches, layout_basic, enter_ziggurat_b,
          abyss_entry_flame_altar, pf_hell_entry_tar_river, basic_altar
Depths:4: evilmike_zot_entry_diamond, layout_cave_pools,
          nemelex_lonely_heart_becter, hellmouth_1,
          yredelemnul_forgotten_temple_becter, grunt_megastairs_2
Hell

Skill      XL: |  1  2  3  4  5  6  7  8  9 10 11 12 13 14 15 16 17 18 19 20 21 22 23 24 |
---------------+-------------------------------------------------------------------------+-----
Spellcasting   | 3 4 5 6 7 8 10 11 13 14 15 16 17 18 19 20 | 20.7
Dodging        | 3 4 5 6 7 8 9 10 12 | 12.6
Armour         | 1 2 3 4 5 6 7 |  7.5
Stealth        | 2 3 4 6 7 8 9 10 | 10.1
Fighting       | 1 2 4 5 6 8 9 10 11 12 13 14 15 16 | 16.9
Short Blades   | 1 2 3 4 5 6 7 |  7.5
Shields        | 2 4 5 6 7 8 9 11 14 15 16 | 16.5
Evocations     | 1 6 9 11 12 13 | 13.7
Throwing       | 2 3 |  3.0
Unarmed Combat | 4 6 7 |  7.8
Ranged Weapons | |  0.3

Action                     |  1- 3 |  4- 6 |  7- 9 | 10-12 | 13-15 | 16-18 | 19-21 | 22-24 || total
---------------------------+-------+-------+-------+-------+-------+-------+-------+-------++-------
  Melee: Short sword       |     2 |    22 |    83 |   120 |   297 |   609 |       |       ||  1133
         Punch             |       |       |     1 |     1 |       |       |       |       ||     2
         Dagger            |       |       |       |       |       |    63 |   453 |   639 ||  1155
         Unarmed           |       |       |       |       |       |       |     2 |     1 ||     3
   Fire: Sling             |    20 |       |       |       |       |       |       |       ||    20
  Throw: Boomerang         |       |       |       |       |     2 |     2 |       |       ||     4
   Cast: Sting             |    34 |    49 |    72 |    27 |    55 |     9 |     5 |       ||   251
         Poisonous Vapours |    19 |    14 |    21 |    15 |    90 |    27 |    47 |     2 ||   235
         Shock             |    10 |    13 |    44 |    80 |   332 |   224 |    44 |       ||   747
         Mephitic Cloud    |       |    10 |    17 |    30 |    58 |    73 |    64 |    27 ||   279
         Olgreb's Toxic Ra |       |       |     8 |    22 |    88 |    79 |    70 |    39 ||   306
         Frozen Ramparts   |       |       |     7 |    18 |    25 |    10 |     9 |     4 ||    73
         Summon Ice Beast  |       |       |       |    28 |    57 |    47 |    86 |    24 ||   242
         Anguish           |       |       |       |     8 |     8 |     3 |    15 |     1 ||    35
         Irradiate         |       |       |       |       |    39 |   153 |   216 |   198 ||   606
         Lesser Beckoning  |       |       |       |       |     3 |       |       |       ||     3
         Eringya's Noxious |       |       |       |       |     3 |     2 |     2 |     2 ||     9
         Spellforged Servi |       |       |       |       |       |     2 |     4 |       ||     6
         Summon Cactus Gia |       |       |       |       |       |       |    75 |    33 ||   108
         Storm Form        |       |       |       |       |       |       |     2 |     1 ||     3
         Haunt             |       |       |       |       |       |       |       |    21 ||    21
 Invoke: Curse Item        |       |       |     2 |     6 |     2 |     1 |     3 |     1 ||    15
         Shatter the Chain |       |       |       |       |     2 |     2 |     2 |     1 ||     7
  Evoke: Phantom mirror    |       |       |       |       |       |     1 |       |       ||     1
         Wand              |       |       |       |       |       |     1 |     2 |       ||     3
    Use: Potion            |       |     1 |       |     1 |     3 |     6 |     2 |     1 ||    14
         Scroll            |       |       |       |       |       |     3 |     6 |       ||     9
   Stab: Confused          |       |     2 |     4 |     7 |    20 |    42 |    20 |    12 ||   107
         Sleeping          |       |       |       |     1 |       |    15 |    14 |    30 ||    60
         Distracted        |       |       |       |       |       |     2 |     4 |    10 ||    16
 Armour: Robe              |     6 |     1 |       |       |       |       |       |       ||     7
         Leather armour    |       |     2 |       |       |       |    27 |   111 |    97 ||   237
         Ring mail         |       |    10 |    14 |    45 |    68 |   145 |       |       ||   282
  Dodge: Dodged            |    15 |    10 |    50 |    51 |   140 |   308 |   348 |   248 ||  1170
         Repelled          |       |       |       |       |     1 |     8 |    24 |     9 ||    42
  Block: Kite shield       |       |       |       |    48 |   179 |   374 |   297 |       ||   898
         Tower shield      |       |       |       |       |       |       |   201 |   875 ||  1076
         Reflection        |       |       |       |       |       |       |     7 |    29 ||    36
